 Dungeon Crawl Stone Soup version 0.31-a0-1370-gf52a5a9ab3 (webtiles) character file.

Game seed: 12761986775628901352

2615 shadizar the Fighter (level 9, -5/72 HPs)
             Began as a Djinni Fire Elementalist on Dec 23, 2023.
             Slain by an orc warrior
             ... wielding a +0 battleaxe
              (17 damage)
             ... on level 8 of the Dungeon.
             The game lasted 00:24:16 (7735 turns).

shadizar the Fighter (Djinni Fire Elementalist)     Turns: 7735, Time: 00:24:17

Health: -5/72      AC:  7    Str:  7    XL:     9   Next: 91%
Gold:   461        EV: 12    Int: 22    God:
                   SH:  5    Dex: 13

rFire   + + .        h - +2 dagger (freeze)
rCold   x . .        (no shield)
rNeg    . . .        u - +2 animal skin
rPois   ∞            v - +1 helmet
rElec   .            d - scarf {shadows}
rCorr   .            a - +0 pair of gloves
SInv    .            (boots unavailable)
Will    .....        C - amulet of reflection
Stlth   ++           G - ring of wizardry
HPRegen 0.32/turn    (no ring)
MPRegen 0.00/turn

%: reflection, wizardry (x1), infuse magic (-6 HP)
@: flying
A: sickness immunity, fire resistance 2, cold vulnerability 1, float, innate
caster, HP casting, extra vitality 1
a: no special abilities


You were on level 8 of the Dungeon.
You visited 2 branches of the dungeon, and saw 9 of its levels.
You also visited: Sewer.

You collected 461 gold pieces.

Inventory:

Hand Weapons
 f - a +0 sling of freezing
 h - a +2 dagger of freezing (weapon)
 j - a +1 hand axe of flaming
 l - a +1 long sword of electrocution
 x - a +2 falchion of freezing
 z - the +4 halberd "Azeyjaer" {vamp, ^Contam rCorr Dex+3}
   (You found it on level 6 of the Dungeon)

   Dex+3:     It affects your dexterity (+3).
   ^Contam:   It causes magical contamination when unequipped.
   rCorr:     It protects you from acid and corrosion.
 E - a +1 whip of draining
Missiles
 i - 41 stones
Armour
 a - a +0 pair of gloves (worn)
 d - a scarf of shadows (worn)
 o - a +2 scale mail of fire resistance
 u - a +2 animal skin (worn)
 v - a +1 helmet (worn)
 y - a +0 robe of resistance
 A - a +1 leather armour of poison resistance
Magical Staves
 B - a staff of fire
Jewellery
 s - a ring of fire
 C - an amulet of reflection (around neck)
 G - a ring of wizardry (left hand)
Wands
 D - a wand of light (7)
Scrolls
 c - a scroll of brand weapon
 g - a scroll of silence
 k - 3 scrolls of teleportation
 w - a scroll of identify
 F - a scroll of enchant armour
Potions
 b - 3 potions of curing
 e - 2 potions of heal wounds
 m - 2 potions of resistance
 n - 4 potions of might
 p - 5 potions of enlightenment
 q - a potion of haste
 r - a potion of berserk rage {unknown}
 t - 2 potions of attraction {unknown}


   Skills:
 + Level 9.2 Fighting
 - Level 2.1 Dodging
 - Level 1.5 Stealth
 + Level 7.6 Spellcasting
 + Level 7.6 Conjurations
 + Level 7.6 Hexes
 + Level 7.6 Summonings
 + Level 7.6 Necromancy
 + Level 7.6 Translocations
 + Level 7.6 Fire Magic
 + Level 7.6 Ice Magic
 + Level 7.6 Air Magic
 + Level 7.6 Earth Magic
 + Level 7.6 Alchemy


You knew the following spells:

 Your Spells              Type           Power      Damage    Failure   Level
a - Foxfire               Conj/Fire      100%       2x1d9     1%          1
b - Scorch                Fire           84%        2d8       1%          2
c - Volatile Blastmotes   Fire/Tloc      84%        2d17      1%          3
d - Inner Flame           Hex/Fire       42%        N/A       1%          3
e - Flame Wave            Conj/Fire      42%        2d11      1%          4
f - Summon Small Mammal   Summ           100%       N/A       1%          1
g - Passwall              Alch/Erth      35%        N/A       1%          2
h - Dazzling Flash        Conj/Hex       84%        N/A       1%          3
i - Vampiric Draining     Necr           42%        2d9       1%          3
Your spell library was empty.

Dungeon Overview and Level Annotations

Branches:
Dungeon (8/15)             Temple (1/1) D:5           Sewer (visited)
   Lair: D:8-11

Altars:
Ashenzari
Cheibriados
Dithmenos
Elyvilon
Fedhas
Hepliaklqana
Okawaru
Ru
Trog
Uskayaw
Wu Jian
Xom
Yredelemnul
Zin
The Shining One

Shops:
D:3 (

Annotations:
D:2 1 runed translucent door, Crazy Yiuf


Innate Abilities, Weirdness & Mutations

You are immune to sickness and miasma.
You are immune to poison.
Your flesh is very heat resistant. (rF++)
You are vulnerable to cold. (rC-)
You float through the air rather than walking.
You learn spells naturally, not from books.
Your magical power is your life essence.
You have superior vitality. (+4 MHP)


Message History

You fly downwards.
Found a quarterstaff.
There is a stone staircase leading up here.
Unknown command.
Casting: Scorch (safe; 1% risk of failure)
Confirm with . or Enter, or press ? or * to list all spells.
Flames lash the yak.
The yak is moderately wounded.
The yak's fire resistance burns away.
The yak barely misses you.
Unknown command.
Casting: Scorch (safe; 1% risk of failure)
Confirm with . or Enter, or press ? or * to list all spells.
Flames lash the yak.
The yak is burned terribly!
The yak is severely wounded.
You hear a shout!
The yak gores you!
Casting: Scorch (safe; 1% risk of failure)
Confirm with . or Enter, or press ? or * to list all spells.
Flames lash the yak.
The yak is burned terribly!
The yak is almost dead.
The yak closely misses you.
Casting: Scorch (safe; 1% risk of failure)
Confirm with . or Enter, or press ? or * to list all spells.
Flames lash the yak.
The yak is burned terribly!
You kill the yak!
You hear a shout! x2
An orc warrior comes into view. It is wielding a +0 battleaxe.
An orc comes into view. It is wielding a +0 dagger.
An orc comes into view. It is wielding a +0 club.
You block the orc warrior's attack. You block the orc warrior's attack.
An orc comes into view. It is wielding a +0 mace.
The orc shouts!
Something shouts, "Turn tail, thou plume-plucked boil-brained jarkman!"
The orc warrior hits you with a +0 battleaxe!
* * * LOW HITPOINT WARNING * * *
The orc warrior closely misses you.
An orc comes into view. It is wielding a +1 mace of draining.
The orc warrior hits you with a +0 battleaxe!
You die...

..#### ..
......###oo..
......@ooo...
......###....
...... ..
...).. ......
...... ......


You could see an orc warrior and 4 orcs.

Vanquished Creatures
  A wyvern (D:7)
  2 yaks
  A water moccasin (D:6)
  4 ice beasts
  A black bear (D:5)
  A sky beast (D:7)
  2 centaurs (D:6)
  A phantom (D:4)
  A bullfrog (D:7)
  2 kobold brigands
  A gnoll sergeant (D:7)
  A scorpion (D:6)
  4 wights (D:5)
  2 jellies (D:7)
  2 hounds (D:5)
  A gnoll bouda (D:6)
  2 orc priests
  Jessica (D:3)
  4 orc wizards
  4 iguanas
  Robin (D:3)
  11 gnolls
  5 adders
  A white imp (D:6)
  2 ufetubi (D:7)
  3 dart slugs
  24 orcs
  9 ball pythons
  7 endoplasms
  4 giant cockroaches
  17 goblins
  8 hobgoblins
  6 jackals
  4 quokkas
  3 bats
  6 frilled lizards
  8 kobolds
  11 rats
168 creatures vanquished.

Vanquished Creatures (collateral kills)
  6 foxfires
6 creatures vanquished.

Vanquished Creatures (others)
  578 foxfires
578 creatures vanquished.

Grand Total: 752 creatures vanquished

Notes
Turn   | Place    | Note
-------+----------+-------------------------------------------
     0 | D:1      | shadizar the Djinni Fire Elementalist began the quest for
                  | the Orb.
     0 | D:1      | shadizar set off with the following spells memorised:
                  | Foxfire, Scorch, Volatile Blastmotes, Inner Flame, Flame
                  | Wave.
     0 | D:1      | Reached XP level 1. HP: 15/15 MP: 0/0
   366 | D:1      | Reached XP level 2. HP: 20/22 MP: 0/0
   416 | D:1      | Reached skill level 1 in Fighting
  1094 | D:1      | Reached XP level 3. HP: 25/27 MP: 0/0
  1094 | D:1      | Learned a level 1 spell: Summon Small Mammal
  1149 | D:2      | Found a sacrificial altar of Ru.
  1434 | D:2      | Reached skill level 2 in Fighting
  1747 | D:2      | Found a runed translucent door.
  1748 | D:2      | Noticed Crazy Yiuf
  2061 | D:3      | Reached XP level 4. HP: 31/33 MP: 0/0
  2088 | D:3      | Found Eshiy's Weapon Emporium.
  2369 | D:3      | Noticed Robin
  2421 | D:3      | Killed Robin
  2536 | D:3      | Reached skill level 3 in Fighting
  2536 | D:3      | Reached XP level 5. HP: 35/40 MP: 0/0
  2536 | D:3      | Learned a level 2 spell: Passwall
  2611 | D:3      | Found a broken altar of Ashenzari.
  2614 | D:3      | Saw a vision of the Swamp and the Snake Pit.
  2614 | D:3      | Noticed a mana viper
  2614 | D:3      | Noticed a black mamba
  2614 | D:3      | Noticed a naga mage
  2614 | D:3      | Noticed a naga
  2614 | D:3      | Noticed a goliath frog
  2614 | D:3      | Noticed a tyrant leech
  2614 | D:3      | Noticed a spriggan rider
  2614 | D:3      | Noticed a tyrant leech
  2614 | D:3      | Noticed an anaconda
  2614 | D:3      | Noticed a mana viper
  2614 | D:3      | Noticed a naga mage
  2615 | D:3      | Noticed a naga
  2615 | D:3      | Noticed a black mamba
  2615 | D:3      | Noticed a spriggan rider
  2618 | D:3      | Noticed a black mamba
  2637 | D:3      | Noticed Jessica
  2642 | D:3      | Killed Jessica
  2725 | D:3      | Found a faded altar of an unknown god.
  2835 | D:3      | Reached XP level 6. HP: 38/46 MP: 0/0
  2989 | D:3      | Reached skill level 4 in Fighting
  3525 | D:4      | Noticed an ice beast
  3687 | D:4      | Killed an ice beast
  3688 | D:4      | Reached XP level 7. HP: 44/53 MP: 0/0
  3688 | D:4      | Learned a level 3 spell: Dazzling Flash
  3897 | D:4      | Reached skill level 5 in Fighting
  3897 | D:4      | Reached skill level 5 in Spellcasting
  3897 | D:4      | Reached skill level 5 in Conjurations
  3897 | D:4      | Reached skill level 5 in Hexes
  3897 | D:4      | Reached skill level 5 in Summonings
  3897 | D:4      | Reached skill level 5 in Necromancy
  3897 | D:4      | Reached skill level 5 in Translocations
  3897 | D:4      | Reached skill level 5 in Fire Magic
  3897 | D:4      | Reached skill level 5 in Ice Magic
  3897 | D:4      | Reached skill level 5 in Air Magic
  3897 | D:4      | Reached skill level 5 in Earth Magic
  3897 | D:4      | Reached skill level 5 in Alchemy
  4201 | D:5      | Entered Level 5 of the Dungeon
  4253 | D:5      | Found a staircase to the Ecumenical Temple.
  4271 | Temple   | Entered the Ecumenical Temple
  4434 | D:5      | Found a glowing silver altar of Zin.
  4491 | D:5      | Reached XP level 8. HP: 15/61 MP: 0/0
  4679 | D:5      | Reached skill level 6 in Fighting
  4712 | D:5      | You are sucked into a shaft and drop 1 floor!
  4769 | D:6      | Identified the +4 halberd "Azeyjaer" {vamp, ^Contam rCorr
                  | Dex+3}
  4852 | D:6      | Found a glowing drain.
  4867 | Sewer    | Entered a sewer
  4976 | Sewer    | Found a white marble altar of Elyvilon.
  5219 | D:6      | Found a hazy altar of Hepliaklqana.
  5373 | D:6      | Reached skill level 7 in Fighting
  5472 | D:6      | Reached XP level 9. HP: 8/68 MP: 0/0
  5472 | D:6      | Learned a level 3 spell: Vampiric Draining
  6497 | D:5      | Found a hide-covered altar of Uskayaw.
  6561 | D:5      | Reached skill level 8 in Fighting
  7692 | D:7      | Reached skill level 9 in Fighting
  7735 | D:8      | Slain by an orc warrior

Illustrated notes

Levels and vault maps discovered:
D:1:      elethiomel_arrival_fortress_basement, layout_basic
D:2:      layout_basic, basic_altar, uniq_crazy_yiuf_cottage
D:3:      layout_loops_corners, grunt_ashenzari_visionary
          [grunt_ashenzari_visionary_swamp, grunt_ashenzari_visionary_snake],
          ebering_ecumenical_altar_box, serial_shops, shop, uniq_jessica,
          uniq_robin
D:4:      layout_gridville, minmay_misc_feat_ornament,
          minmay_misc_feat_secret_circle
D:5:      layout_basic, general_overflow_altar, nicolae_uskayaw_suspiria,
          minmay_temple_entry_fiery, dreamdust_gnoll_farm
D:6:      layout_basic, mainiacjoe_overflow_24_doors, gup_sewer_entry_pipe,
          serial_park_tiny_pond, minmay_crystal_water, minmay_starry_boxes
D:7:      layout_basic, kennysheep_pointless_box, grunt_ministairs_1
D:8:      layout_basic, nicolae_qazlal_general_emergency,
          minmay_misc_feat_more_columns
Temple:   minmay_temple_curvy_branch

Skill      XL: |  1  2  3  4  5  6  7  8  9 |
---------------+----------------------------+-----
Fighting       | 1 2 3 4 5 7 9 |  9.2
Spellcasting   | 4 5 6 7 |  7.6
Conjurations   | 4 5 6 7 |  7.6
Hexes          | 4 5 6 7 |  7.6
Summonings     | 4 5 6 7 |  7.6
Necromancy     | 4 5 6 7 |  7.6
Translocations | 4 5 6 7 |  7.6
Fire Magic     | 4 5 6 7 |  7.6
Ice Magic      | 4 5 6 7 |  7.6
Air Magic      | 4 5 6 7 |  7.6
Earth Magic    | 4 5 6 7 |  7.6
Alchemy        | 4 5 6 7 |  7.6
Dodging        | |  2.1
Stealth        | |  1.5

Action                     |  1- 3 |  4- 6 |  7- 9 || total
---------------------------+-------+-------+-------++-------
  Melee: Unarmed           |     1 |       |       ||     1
         Dagger            |     7 |    17 |     4 ||    28
   Cast: Foxfire           |    71 |   109 |   189 ||   369
         Scorch            |       |     2 |    53 ||    55
    Use: Scroll            |       |    10 |     9 ||    19
         Potion            |       |       |     1 ||     1
   Stab: Sleeping          |     1 |       |       ||     1
 Armour: Robe              |    13 |     9 |       ||    22
         Animal skin       |       |    16 |    46 ||    62
  Dodge: Dodged            |    34 |    21 |    43 ||    98
  Block: Other             |       |       |     5 ||     5

Table legend: (Time is in decaauts)
 A = Elapsed time spent in this place.
 B = Non-inter-level travel time spent in this place.
 C = Inter-level travel time spent in this place.
 D = Time resting spent in this place.
 E = Time spent auto-exploring this place.
 F = Levels seen in this place.
 G = Mean time per level.
                   A        B        C        D        E       F      G
               +--------+--------+--------+--------+--------+-----+--------+
         Total |   7732 |   7412 |    320 |      0 |   5296 |  10 |  773.2 |
       Dungeon |   7531 |   7224 |    307 |      0 |   5296 |   8 |  941.4 |
        Temple |     51 |     38 |     13 |      0 |      0 |   1 |   51.0 |
         Sewer |    148 |    148 |      0 |      0 |      0 |   1 |  148.0 |
               +--------+--------+--------+--------+--------+-----+--------+

Top non-repeatable levels by time:
     D:6: 1563 daAuts
     D:3: 1244 daAuts
     D:5: 1210 daAuts
     D:1: 1148 daAuts
     D:2: 907 daAuts
     D:4: 899 daAuts
     D:7: 543 daAuts
   Sewer: 148 daAuts
  Temple: 51 daAuts
     D:8: 14 daAuts
